Map: Catalyst LE

Players

Bly - Winner!

  • Race: Zerg Zerg
  • Spawn Location: 11:00

Zanster

  • Race: Zerg Zerg
  • Spawn Location: 5:00

Event: WCS Valencia 2018

VOD

Have the link to the VOD?

Description

Time

  • Played on: July 12, 2018, 10:09 a.m.
  • Length: 18:20

All games in this series

Show
View Real Time Build Order
Export as new Build Order

Bly Zerg - Winner!

Build Orders: Pool First, Lurkers 

Get SALT Encoding   

  12  0:01  Drone  
  13  0:13  Overlord  
  13  0:17  Drone  
  14  0:32  Drone x2  
  16  0:41  Spawning Pool  
  15  0:45  Drone  
  16  0:50  Drone  
  17  1:11  Hatchery  
  16  1:16  Drone  
  17  1:21  Extractor  
  16  1:28  Zergling x4  
  16  1:29  Zergling x2  
  19  1:34  Queen  
  21  1:40  Overlord  
  21  1:50  Drone  
  22  2:04  Drone  
  23  2:10  Queen  
  25  2:17  Zergling x2  
  25  2:22  Drone  
  27  2:36  Drone x3  
  26  2:52  Drone x4  
  26  2:57  Spine Crawler  
  29  3:01  Queen  
  29  3:04  Zergling x4  
  33  3:09  Zergling x4  
  35  3:23  Roach Warren  
  35  3:24  Evolution Chamber  
  35  3:25  Evolution Chamber  
  35  3:26  Evolution Chamber  
  32  3:28  Drone x2  
  32  3:30  Drone  
  33  3:38  Drone x2  
  35  3:53  Lair  
  35  3:54  Zerg Missile Weapons Level 1  
  35  3:56  Extractor, Overlord  
  35  4:00  Drone x2, Extractor  
  35  4:06  Overlord  
  36  4:17  Drone x3  
  36  4:23  Drone x2  
  36  4:24  Drone x3  
  42  4:27  Drone  
  42  4:28  Drone  
  43  4:32  Drone  
  43  4:33  Drone  
  45  4:41  Overlord  
  45  4:43  Overlord  
  45  4:47  Drone x2  
  47  4:58  Spire  
  46  5:00  Glial Reconstitution  
  46  5:05  Drone x3  
  49  5:16  Hatchery  
  49  5:20  Drone x2  
  50  5:24  Overlord  
  50  5:26  Roach  
  52  5:30  Roach  
  52  5:32  Roach  
  56  5:38  Extractor  
  56  5:41  Roach x3  
  61  5:45  Roach x2  
  61  5:48  Roach  
  67  5:51  Roach  
  67  5:53  Zerg Missile Weapons Level 2  
  67  5:56  Roach  
  71  6:02  Overlord  
  71  6:04  Roach  
  71  6:06  Roach  
  71  6:07  Overlord  
  73  6:21  Drone x5  
  79  6:25  Drone x3  
  79  6:28  Zerg Flyer Weapons Level 1  
  79  6:32  Overlord  
  81  6:33  Drone x2  
  83  6:41  Overlord  
  83  6:44  Drone x4, Extractor  
  83  6:45  Extractor  
  85  6:57  Drone x3  
  88  7:01  Overlord x2  
  88  7:03  Roach  
  90  7:10  Roach x4  
  90  7:11  Overlord  
  90  7:13  Overlord  
  98  7:17  Overlord  
  98  7:19  Overlord  
  98  7:23  Overlord  
  98  7:25  Roach x2  
  102  7:31  Roach x3  
  102  7:35  Overlord  
  102  7:36  Ravager  
  102  7:37  Ravager x5  
  112  7:38  Ravager  
  112  7:39  Ravager  
  112  7:43  Ravager  
  117  7:44  Roach x2  
  117  7:46  Roach  
  117  7:50  Roach x2  
  127  7:54  Roach x2  
  127  7:56  Overseer  
  131  7:59  Roach x2  
  135  8:10  Roach  
  135  8:19  Roach  
  141  8:20  Roach x9  
  141  8:23  Roach x2  
  141  8:25  Ravager  
  141  8:27  Ravager  
  157  8:29  Roach x2  
  161  8:37  Tunneling Claws  
  161  8:38  Burrow  
  161  8:48  Drone  
  161  8:50  Hatchery, Overlord x2  
  161  8:53  Overlord  
  161  9:05  Zerg Ground Armor Level 1, Overlord  
  161  9:06  Overlord  
  161  9:07  Drone  
  162  9:21  Hydralisk Den  
  162  9:22  Roach x9  
  162  9:23  Roach  
  181  9:24  Overlord  
  181  9:30  Overlord  
  175  9:32  Roach x3  
  181  9:40  Roach x4  
  185  9:53  Roach x7  
  185  9:54  Roach x2  
  199  10:02  Overlord  
  199  10:03  Overseer, Roach x3  
  199  10:05  Overlord  
  199  10:13  Roach x22  
  195  10:15  Roach x22  
  191  10:29  Hatchery  
  191  10:32  Roach x2  
  190  10:45  Lurker Den  
  187  10:58  Roach  
  187  10:59  Roach x2  
  187  11:05  Roach x10  
  181  11:12  Hydralisk  
  181  11:13  Hydralisk x8  
  193  11:44  Roach x3  
  193  11:45  Grooved Spines  
  199  11:49  Infestation Pit  
  199  11:50  Roach  
  199  11:51  Roach x4  
  199  11:52  Roach x3  
  194  11:57  Roach  
  194  11:58  Roach  
  194  11:59  Roach x4  
  194  12:05  Roach Warren  
  194  12:08  Hydralisk x6  
  185  12:21  Roach x2  
  181  12:29  Hive  
  179  12:32  Roach  
  179  12:34  Lurker  
  179  12:35  Lurker x8, Roach  
  180  12:40  Roach  
  180  12:41  Roach x5  
  178  12:46  Hydralisk x11  
  178  12:50  Roach x3  
  189  13:04  Roach x20  
  187  13:16  Overseer, Drone x2  
  187  13:17  Overseer  
  187  13:18  Overseer  
  185  13:34  Hydralisk x5  
  191  13:41  Overseer  
  191  13:44  Viper  
  191  13:47  Drone x3  
  191  13:48  Drone  
  187  14:12  Roach x6  
  192  14:20  Roach x2  
  192  14:21  Roach  
  194  14:32  Drone x3  
  197  14:45  Hatchery  
  197  14:49  Adaptive Talons  
  196  14:58  Drone x4  
  200  15:01  Overseer  
  200  15:05  Muscular Augments  
  200  15:30  Roach x12  
  197  15:57  Extractor  
  126  16:15  Viper x3  
  126  16:18  Drone x7  
  139  16:27  Hydralisk x5  
  149  16:39  Hydralisk x3  
  159  16:41  Lurker  
  159  16:42  Lurker  
  159  16:43  Lurker  
  162  16:49  Drone x2  
  162  16:50  Drone  
  165  17:01  Lurker x2  
  161  17:02  Roach x6  
  161  17:03  Ravager  
  161  17:04  Ravager x2  
  176  17:17  Roach x5  
  174  17:34  Hydralisk x6  
  148  17:56  Hydralisk  
Show
View Real Time Build Order
Export as new Build Order

Zanster Zerg 

Build Orders: Pool First, Lurkers, Roach Hydra 

Get SALT Encoding   

  12  0:00  Drone  
  13  0:13  Overlord  
  13  0:17  Drone  
  14  0:31  Drone x2  
  16  0:42  Spawning Pool  
  15  0:45  Drone  
  15  0:48  Drone  
  17  0:59  Drone  
  18  1:14  Hatchery  
  17  1:19  Extractor  
  16  1:29  Zergling x6  
  19  1:33  Queen  
  21  1:41  Zergling x2  
  22  1:51  Overlord  
  22  2:10  Queen  
  22  2:12  Drone  
  22  2:13  Drone  
  26  2:26  Zergling x2  
  26  2:27  Zergling x2  
  26  2:40  Drone  
  26  2:41  Drone  
  28  2:47  Drone  
  28  2:49  Drone x3  
  31  2:54  Baneling Nest  
  31  2:55  Drone  
  32  3:00  Overlord  
  32  3:06  Drone  
  33  3:16  Drone  
  33  3:17  Drone  
  34  3:23  Drone  
  34  3:24  Drone x6  
  41  3:30  Overlord  
  41  3:33  Drone  
  41  3:36  Evolution Chamber  
  40  3:41  Lair  
  40  3:48  Drone x2  
  42  3:50  Roach Warren  
  42  3:51  Drone  
  42  3:54  Drone  
  42  3:55  Drone, Extractor  
  42  3:56  Drone  
  42  3:57  Extractor  
  42  3:58  Drone  
  42  4:01  Drone x2  
  45  4:05  Zerg Missile Weapons Level 1  
  45  4:08  Drone  
  46  4:10  Drone  
  46  4:15  Zergling x2  
  46  4:17  Overlord  
  48  4:19  Drone  
  49  4:25  Drone x3  
  51  4:32  Overlord  
  51  4:34  Drone  
  51  4:36  Extractor  
  51  4:38  Drone  
  51  4:42  Glial Reconstitution  
  51  4:44  Hatchery  
  51  4:49  Roach  
  51  4:50  Roach x2  
  57  4:53  Overseer  
  57  4:55  Roach  
  57  4:59  Roach x2  
  63  5:03  Overlord  
  63  5:04  Roach  
  64  5:14  Roach  
  66  5:15  Overlord x2  
  66  5:16  Drone  
  67  5:26  Hydralisk Den  
  66  5:34  Roach x5  
  78  5:35  Roach  
  78  5:36  Overlord  
  78  5:41  Overlord  
  78  5:57  Hydralisk x5  
  78  6:00  Hydralisk  
  90  6:05  Hydralisk  
  90  6:10  Hydralisk x2  
  96  6:17  Hydralisk x2  
  97  6:24  Hydralisk  
  99  6:29  Roach  
  99  6:30  Roach x3  
  107  6:33  Overlord  
  107  6:39  Roach x2  
  109  6:43  Zerg Missile Weapons Level 2  
  109  6:46  Roach  
  111  6:53  Drone x5  
  116  6:59  Overlord  
  116  7:08  Muscular Augments  
  116  7:09  Drone x5  
  116  7:11  Drone  
  116  7:14  Overlord  
  122  7:21  Overseer  
  122  7:24  Roach x4  
  122  7:29  Overlord  
  130  7:31  Spore Crawler  
  130  7:36  Overlord x2  
  129  7:46  Overlord  
  129  7:48  Ravager x2  
  129  7:49  Ravager x3  
  129  7:50  Roach x2  
  138  7:53  Overlord  
  138  8:01  Roach x5  
  146  8:06  Overlord  
  146  8:12  Drone x8  
  148  8:20  Drone  
  148  8:21  Grooved Spines  
  148  8:25  Queen, Extractor  
  150  8:27  Extractor  
  150  8:29  Roach x5  
  159  8:38  Overlord  
  159  8:40  Roach x2  
  163  8:45  Overlord  
  163  8:54  Hydralisk  
  167  8:55  Roach  
  167  8:56  Roach x3  
  167  8:58  Ravager  
  167  8:59  Overlord  
  174  9:03  Hatchery  
  174  9:05  Roach  
  174  9:06  Roach x3  
  181  9:11  Overlord  
  181  9:15  Roach x2  
  185  9:17  Overseer  
  187  9:24  Roach x4  
  187  9:27  Overlord  
  191  9:32  Lurker Den, Roach  
  191  9:33  Roach x2  
  196  9:49  Roach  
  196  9:50  Roach  
  200  9:59  Drone  
  200  10:00  Drone  
  200  10:02  Overseer  
  200  10:03  Infestation Pit  
  200  10:04  Overseer, Pneumatized Carapace  
  194  10:12  Drone x2  
  194  10:13  Drone x3  
  195  10:29  Spine Crawler  
  195  10:31  Spine Crawler  
  195  10:33  Overseer  
  195  10:34  Hydralisk x3  
  199  10:38  Drone  
  200  10:44  Hive  
  197  10:57  Hatchery  
  197  11:02  Drone x6  
  199  11:09  Tunneling Claws, Burrow  
  199  11:10  Zerg Ground Armor Level 1  
  199  11:13  Drone  
  199  11:15  Spine Crawler  
  199  11:16  Spine Crawler  
  199  11:17  Spine Crawler  
  199  11:18  Overseer  
  197  11:23  Overlord x3  
  192  11:38  Overseer  
  186  11:41  Drone x5  
  186  11:45  Hydralisk  
  186  11:46  Hydralisk x4  
  197  12:01  Hydralisk  
  197  12:06  Overlord  
  176  12:16  Hydralisk, Roach x2  
  176  12:17  Roach x10  
  163  12:30  Hydralisk  
  163  12:31  Hydralisk x5  
  168  12:38  Drone x2  
  168  12:39  Drone  
  171  12:45  Drone  
  171  12:46  Drone x3  
  175  12:52  Lurker  
  175  12:53  Lurker  
  177  13:00  Lurker x2  
  172  13:08  Overseer  
  172  13:11  Roach x5  
  180  13:20  Roach x5  
  180  13:21  Roach x2  
  178  13:33  Viper x3  
  170  13:44  Lurker x2  
  170  13:52  Roach x3  
  170  13:54  Roach  
  161  14:12  Hatchery  
  160  14:21  Adaptive Talons  
  139  14:33  Hydralisk x6  
  144  14:42  Lurker x2, Hatchery  
  145  14:53  Overseer  
  145  15:14  Hydralisk x5  
  155  15:22  Overseer  
  155  15:29  Roach  
  155  15:57  Hydralisk x7, Roach  
  160  16:08  Roach x2  
  150  16:14  Roach x2  
  150  16:22  Lurker x2  
  152  16:27  Roach  
  152  16:28  Roach  
  154  16:45  Lurker x2  
  156  17:03  Hatchery  
  150  17:32  Hydralisk x3, Roach  
  121  17:53  Roach  
  121  17:54  Roach  
Tags
 
Add a new tag
Caveats
  • Supply blocks, unpowered buildings, or Contaminate may cause inaccurate times.
  • Supply counts are checked every 10 seconds.